AoeStats
← 先督瑞拉

Arena

509592465Analyzed
4v4 RM · 3d ago on Sep 27, 2026· 47m 6s· 8 players
Game mode
Random Map
Map size
Large (8 player)
Population
200
Speed
Normal
Resources
Standard
Victory
Conquest
Starting age
Dark Age
Ending age
Imperial Age
RankedLock teamsTeams togetherTeam positionsShared explorationLock speedFull tech treeHidden civsTurbo modeCheats
Victory
Defeat
🇭🇰 Vietnamese · Hong Kong SAR China
1362
+12
🇨🇳 Cumans · China
1298
+14
🇨🇳 Ethiopians · China
1295
+14
🇨🇳 Burmese · China
1270
+15
1316
-16
🇺🇸 Slavs · United States
1276
-15
🇩🇪 Saxons · Germany
1221
-12
🇳🇴 Cumans · Norway
1213
-12
onion
9:35 Feudal Age
10:46 Double-Bit Axe
11:25 Loom
11:41 Horse Collar
14:07 Bloodlines
15:20 Scale Barding Armor
19:16 Castle Age
18:41 Forging
19:40 Town Watch
21:03 Iron Casting
20:53 Scale Barding Armor
21:15 Bloodlines
22:09 Bow Saw
24:57 Wheelbarrow
24:58 Husbandry
26:39 Light Cavalry
46:44 Heavy Plow
Globox
9:01 Feudal Age
10:31 Double-Bit Axe
11:19 Horse Collar
13:58 Loom
22:03 Castle Age
21:23 Scale Barding Armor
21:28 Forging
22:25 Wheelbarrow
23:10 Heavy Plow
24:23 Bloodlines
29:38 Bow Saw
34:22 Iron Casting
36:50 Imperial Age
34:37 Hand Cart
34:07 Town Watch
34:53 Chain Barding Armor
34:31 Gold Mining
37:31 Gold Shaft Mining
37:09 Cavalier
39:04 Conscription
39:32 Plate Barding Armor
38:47 Paladin
40:40 Blast Furnace
41:44 Hoardings
42:01 Steppe Husbandry
42:26 Light Cavalry
43:54 Hussar
D.EvilsToy
10:25 Feudal Age
14:57 Castle Age
13:22 Double-Bit Axe
14:32 Horse Collar
15:56 Bow Saw
21:38 Scale Mail Armor
23:40 Squires
24:06 Gambesons
27:28 Chain Mail Armor
28:29 Heavy Plow
30:18 Forging
30:33 Pikeman
33:38 Wheelbarrow
34:06 Fletching
37:31 Imperial Age
36:04 Town Watch
36:35 Hand Cart
35:49 Clerical Recruitment
37:25 Iron Casting
37:46 Halberdier
38:48 Conscription
38:35 Arson
39:27 Crop Rotation
39:07 Shield Wall
41:10 Plate Mail Armor
40:37 Bodkin Arrow
40:12 Capped Ram
42:02 Siege Ram
种田玩家打队友别打我
10:17 Feudal Age
10:47 Feudal Age
14:40 Castle Age
12:45 Double-Bit Axe
14:21 Horse Collar
18:08 Wheelbarrow
23:07 Loom
23:07 Town Watch
23:24 Gold Mining
23:24 Stone Mining
24:15 Bow Saw
24:54 Bloodlines
26:23 Stone Shaft Mining
26:15 Husbandry
28:39 Heavy Plow
34:16 Imperial Age
32:23 Forging
32:18 Scale Barding Armor
34:17 Chain Barding Armor
34:53 Elite Leitis
35:54 Conscription
36:43 Hand Cart
37:16 Plate Barding Armor
40:04 Iron Casting
40:25 Coinage
45:42 Chemistry
44:53 Masonry
45:41 Padded Archer Armor
先督瑞拉
8:33 Feudal Age
9:04 Double-Bit Axe
9:02 Horse Collar
9:55 Loom
19:54 Castle Age
18:58 Wheelbarrow
20:17 Scale Barding Armor
20:23 Forging
20:51 Bloodlines
20:57 Bow Saw
20:49 Heavy Plow
20:51 Gold Mining
21:48 Chain Barding Armor
22:17 Capped Ram
25:53 Iron Casting
36:29 Hand Cart
36:01 Town Watch
38:53 Imperial Age
36:53 Stone Mining
37:39 Gold Shaft Mining
37:50 Loom
37:50 Town Watch
38:55 Cavalier
40:03 Conscription
40:55 Plate Barding Armor
41:20 Blast Furnace
40:14 Paladin
44:40 Scale Mail Armor
44:11 Pikeman
44:52 Squires
44:37 Arson
44:45 Halberdier
46:53 Two-Man Saw
46:24 Crop Rotation
47:23 Chain Mail Armor
白桃桃
10:25 Feudal Age
11:03 Horse Collar
14:42 Castle Age
20:31 Wheelbarrow
19:45 Town Watch
19:47 Loom
19:57 Loom
20:09 Gold Mining
21:50 Gold Shaft Mining
21:17 Heavy Plow
23:13 Scale Barding Armor
23:50 Stone Mining
24:25 Bloodlines
24:15 Husbandry
26:15 Chain Barding Armor
27:13 Hand Cart
27:53 Forging
31:10 Imperial Age
28:42 Town Patrol
31:52 Iron Casting
32:18 Elite Battle Elephant
33:38 Plate Barding Armor
33:53 Crop Rotation
34:13 Herbal Medicine
36:39 Blast Furnace
35:47 Siege Engineers
36:58 Conscription
36:41 Howdah
40:55 Fletching
44:52 Caravan
七七2025
10:59 Feudal Age
12:31 Double-Bit Axe
15:07 Castle Age
13:26 Horse Collar
16:38 Bow Saw
16:28 Heavy Plow
21:03 Scale Mail Armor
22:11 Loom
24:01 Wheelbarrow
24:48 Chain Mail Armor
25:45 Hand Cart
26:20 Stone Mining
27:51 Forging
30:56 Imperial Age
28:44 Town Watch
28:51 Gold Mining
29:38 Stone Shaft Mining
32:18 Gold Shaft Mining
33:01 Two-Man Saw
32:31 Arson
32:49 Squires
33:36 Plate Mail Armor
33:43 Iron Casting
33:37 Light Cavalry
34:18 Husbandry
35:46 Conscription
36:45 Elite Shotel Warrior
38:26 Halberdier
39:14 Scale Barding Armor
40:13 Blast Furnace
42:52 Scale Barding Armor
43:41 Crossbowman
44:27 Thumb Ring
44:25 Arbalester
44:58 Fletching
45:09 Padded Archer Armor
45:34 Ballistics
46:53 Bodkin Arrow
47:15 Leather Archer Armor
48:03 Chemistry
47:15 Masonry
EBE_3
10:25 Feudal Age
14:00 Castle Age
12:15 Double-Bit Axe
12:32 Horse Collar
14:55 Bow Saw
14:46 Heavy Plow
16:16 Town Watch
21:17 Gold Mining
22:37 Wheelbarrow
21:59 Loom
22:35 Fletching
24:30 Bodkin Arrow
25:53 Scale Mail Armor
25:53 Padded Archer Armor
28:54 Hand Cart
28:39 Town Patrol
28:34 Stone Mining
29:01 Leather Archer Armor
33:08 Imperial Age
31:29 Chatras
35:22 Chemistry
34:22 Bracer
35:01 Ring Archer Armor
34:38 Siege Engineers
34:44 Masonry
35:49 Two-Man Saw
35:26 Stone Shaft Mining
35:48 Crop Rotation
35:41 Elite Rattan Archer
38:29 Forging
38:40 Ballistics
38:16 Murder Holes
38:02 Treadmill Crane
39:21 Hoardings
40:32 Guard Tower
40:27 Arrowslits
41:33 Thumb Ring
44:00 Paper Money
44:50 Caravan
45:20 Coinage
46:42 Iron Casting
46:22 Chain Mail Armor
Connection lost

Rejoining the realm…

Still unreachable

The connection could not be restored.

Session expired

The server has moved on; the page needs a fresh start.